 Dungeon Crawl Stone Soup version 0.30-a0-568-g124715a40b (webtiles) character file.

Game seed: 5751527164904869392

33436 Newt the Spear-Bearer (level 13, -14/103 HPs)
             Began as a Demonspawn Gladiator on Dec 28, 2022.
             Was a Believer of Lugonu.
             Shot themself with a bolt of dispelling energy (20 damage)
             ... on level 2 of the Lair of Beasts.
             The game lasted 00:30:24 (15334 turns).

Newt the Spear-Bearer (Demonspawn Gladiator)       Turns: 15334, Time: 00:30:25

Health: -14/103    AC: 13    Str: 22    XL:     13   Next: 36%
Magic:  16/16      EV: 13    Int: 10    God:    Lugonu [**....]
Gold:   272        SH:  6    Dex: 17    Spells: 12/12 levels left

rFire   + . .      SeeInvis +    x - +7 spear "Defugh" {freeze, Fragile rPois Dex+3}
rCold   x x x      Faith    .    B - +0 buckler
rNeg    . . .      Spirit   .    T - +2 troll leather armour
rPois   +          Reflect  .    (helmet unavailable)
rElec   .          Harm     .    (no cloak)
rCorr   .          Rampage  .    (no gloves)
Will    ++...                    (no boots)
Stlth   ++++                     m - amulet of regeneration
HPRegen 1.97/turn                Q - ring of willpower
MPRegen 0.15/turn                U - ring "Juetiz" {Fire Will+ Str+2}

@: mighty, sanguine armoured
A: antennae 3, powered by death 2, powered by pain 1, sanguine armour 1, [cold
vulnerability 2]
a: Renounce Religion, Depart the Abyss, Banish


You were on level 2 of the Lair of Beasts.
You worshipped Lugonu.
Lugonu was pleased with you.
You visited 2 branches of the dungeon, and saw 13 of its levels.
You visited the Abyss 1 time.
You also visited: Sewer and Bailey.

You collected 1349 gold pieces.
You spent 1077 gold pieces at shops.

Inventory:

Hand Weapons
 a - a +0 rapier of chaos
 d - a +3 dagger of draining
 e - a +3 dagger of venom
 l - a +0 short sword
 n - a +0 falchion of holy wrath
 o - a +5 broad axe
 u - a +0 broad axe
 x - the +7 spear "Defugh" (weapon) {freeze, Fragile rPois Dex+3}
   (You found it in a sewer)

   It freezes those it strikes, dealing additional cold damage.
   It can also slow down cold-blooded creatures.
   Dex:       It affects your dexterity (+3).
   rPois:     It protects you from poison.
   Fragile:   It will be destroyed if unequipped.
Missiles
 k - 9 boomerangs
 q - 5 poisoned darts (quivered)
Armour
 b - a +0 leather armour
 c - a +0 helmet
 p - a +2 chain mail of willpower
 B - a +0 buckler (worn)
 C - a +1 hat
 G - a +4 scale mail
 T - a +2 troll leather armour (worn)
Jewellery
 m - an amulet of regeneration (around neck)
 t - an amulet of the acrobat
 z - a ring of magical power
 Q - a ring of willpower (left hand)
 U - the ring "Juetiz" (right hand) {Fire Will+ Str+2}
   (You bought it in a shop on level 5 of the Dungeon)

   [ring of fire]

   It enhances your fire magic.
   Str:       It affects your strength (+2).
   rF:        It protects you from fire.
   rC:        It makes you vulnerable to cold.
   Will:      It increases your willpower.
Wands
 w - a wand of polymorph (12)
 E - a wand of quicksilver (2)
 O - a wand of digging (6)
Scrolls
 i - 5 scrolls of teleportation
 j - a scroll of fog
 y - 2 scrolls of amnesia
 A - a scroll of noise
 D - 3 scrolls of poison {unknown}
 I - 2 scrolls of summoning {unknown}
 K - a scroll of vulnerability {unknown}
 M - 3 scrolls of magic mapping
 S - a scroll of brand weapon
Potions
 g - 2 potions of might
 h - 2 potions of magic
 r - a potion of ambrosia
 s - a potion of mutation
 v - a potion of lignification
 F - 2 potions of attraction
 J - a potion of cancellation
 L - 2 potions of curing
 P - a potion of degeneration {unknown}


   Skills:
 - Level 10.0 Fighting
 - Level 4.0 Short Blades
 + Level 10.2 Polearms
 - Level 6.6 Throwing
 - Level 6.0 Armour
 - Level 4.0 Dodging
 - Level 8.0 Stealth
 - Level 6.0 Shields
 - Level 5.0 Invocations
 - Level 6.9 Evocations


You had 12 spell levels left.
You didn't know any spells.
Your spell library contained the following spells:

 Spells                   Type           Power      Damage    Failure   Level
 Magic Dart               Conj           0%         1d3       50%         1
 Cigotuvi's Dreadful Rot  Necr/Pois/Air  0%         N/A       63%         2
 Ensorcelled Hibernation  Hex/Ice        0%         N/A       63%         2
 Searing Ray              Conj           0%         2d4       63%         2
 Sublimation of Blood     Necr           0%         N/A       63%         2
 Dazzling Flash           Conj/Hex       0%         N/A       86%         3
 Spider Form              Tmut/Pois      0%         N/A       86%         3
 Anguish                  Hex/Necr       0%         N/A       99%         4
 Dispel Undead            Necr           0%         3d6       99%         4
 Fulminant Prism          Conj/Hex       0%         3d5       99%         4
 Iskenderun's Mystic Bla  Conj/Tloc      0%         2d3       99%         4
 Petrify                  Tmut/Erth      0%         N/A       99%         4
 Irradiate                Conj/Tmut      0%         3d11      100%        5
 Death Channel            Necr           0%         N/A       100%        6
 Starburst                Conj/Fire      0%         6d3       100%        6


Dungeon Overview and Level Annotations

Branches:
Dungeon (11/15)            Temple (0/1) D:7            Lair (2/5) D:10
  Sewer (visited)          Bailey (visited)
  Swamp: Lair:2-3    Shoals: Lair:2-3     Snake: Lair:2-3    Spider: Lair:2-3
    Orc: D:9-12

Altars:
Ashenzari
Cheibriados
Nemelex Xobeh
Okawaru
Qazlal
Sif Muna
Vehumet
Xom

Shops:
D:5 =   D:6 (

Annotations:
D:11 Sonja


Innate Abilities, Weirdness & Mutations

You have a pair of large antennae on your head. (SInv)
You regenerate health from kills.
You sometimes gain a little power by taking damage.
When seriously injured, your blood forms armour. (AC +6)
[You are very vulnerable to cold. (rC--)]


Message History

The eight-headed hydra bites you!
Your blood congeals into armour.
The eight-headed hydra misses you.
The eight-headed hydra bites you but does no damage.
The eight-headed hydra bites you!
You block the eight-headed hydra's attack.
The eight-headed hydra bites you!
You block the eight-headed hydra's attack.
The eight-headed hydra bites you. The eight-headed hydra bites you!
The eight-headed hydra bites you but does no damage.
You block the eight-headed hydra's attack.
The eight-headed hydra bites you.
There is a stone staircase leading up, spattered with blood here.
You puncture the eight-headed hydra!
The eight-headed hydra seems to slow down.
You freeze the eight-headed hydra.
The eight-headed hydra is lightly wounded.
You hit the eight-headed hydra. You freeze the eight-headed hydra.
The eight-headed hydra is moderately wounded.
The eight-headed hydra bites you. x2; The eight-headed hydra bites you!
* * * LOW HITPOINT WARNING * * *
The eight-headed hydra bites you but does no damage.
The eight-headed hydra completely misses you.
The eight-headed hydra bites you but does no damage.
The eight-headed hydra bites you!
* * * LOW HITPOINT WARNING * * *
You focus on the pain.
You feel very mighty all of a sudden. The eight-headed hydra bites you!
* * * LOW HITPOINT WARNING * * *
That's the wrong kind of item! (Use * to select it.) Fire/throw/use which item? ([*] to toss any item) (? for menu, Esc to quit)
Huh?
Fire/throw/use which item? ([*] to toss any item) (? for menu, Esc to quit)
Okay, then.
Aiming: Quicksilver Bolt
Press: ? - help, Shift-Dir - straight line, f - you That beam is likely to hit you.
Continue anyway?
The bolt of dispelling energy hits you!!
Your magical effects are unravelling.
You die...

#P..... ...#
....:. #...#
. .....#...#
.. ...#...#
... .....#
.$.. ##†(..#
.....#.....#
...........#
.#.....@...#
##...D....#
#.........!#
..........##
#.......P..
###.........
...........
...##...##...


You could see an eight-headed hydra (slow).

Vanquished Creatures
  Gastronok (D:11)
  An orc warlord (Bailey)
  A yaktaur captain (D:10)
  A hydra (D:10)
  Harold (D:9)
  A centaur warrior (D:11)
  A boulder beetle (D:11)
  A two-headed ogre (D:10)
  Amaemon (Lair:1)
  A wizard (D:11)
  A deep elf pyromancer (D:10)
  2 ugly things (D:11)
  A cyclops (D:11)
  A gargoyle (D:9)
  4 cane toads
  An orange demon (Lair:1)
  Psyche (D:11)
  2 trolls
  A hornet (D:7)
  2 shadows
  18 yaks
  2 vampires (D:11)
  2 wraiths
  A wyvern (D:9)
  2 steam dragons
  2 wargs
  3 water moccasins
  Duvessa (D:4)
  An ice beast (D:5)
  18 orc warriors
  An ogre (D:6)
  3 wolves (D:10)
  2 centaurs
  A phantom (D:4)
  A kobold brigand (D:10)
  2 necrophages
  4 scorpions
  5 bullfrogs
  13 wights
  Dowan (D:4)
  10 killer bees
  6 electric eels
  4 howler monkeys
  4 hounds (D:10)
  2 jellies
  5 orc priests
  2 iguanas
  2 orc wizards
  2 river rats (D:5)
  16 adders
  8 gnolls
  2 white imps (D:6)
  An ufetubus (D:5)
  3 worms
  2 dart slugs
  33 orcs
  8 endoplasms
  13 giant cockroaches
  12 hobgoblins
  4 jackals (D:2)
  6 quokkas
  13 ball pythons
  2 bats
  8 frilled lizards
  23 goblins
  21 kobolds
  10 rats
331 creatures vanquished.

Vanquished Creatures (others)
  An ogre (D:6)
1 creature vanquished.

Grand Total: 332 creatures vanquished

Notes
Turn   | Place    | Note
-------+----------+-------------------------------------------
     0 | D:1      | Newt the Demonspawn Gladiator began the quest for the Orb.
     0 | D:1      | Reached XP level 1. HP: 16/16 MP: 1/1
    98 | D:1      | Reached skill level 1 in Stealth
   109 | D:1      | Gained mutation: When seriously injured, your blood forms
                  | armour. (AC +6) [demonic ancestry]
   109 | D:1      | Reached XP level 2. HP: 11/22 MP: 2/2
   902 | D:2      | Gained mutation: You have a pair of small antennae on your
                  | head. [demonic ancestry]
   902 | D:2      | Reached XP level 3. HP: 14/27 MP: 3/3
  1266 | D:2      | Found a shimmering blue altar of Sif Muna.
  1455 | D:2      | Reached XP level 4. HP: 34/34 MP: 4/4
  2440 | D:3      | Reached XP level 5. HP: 40/42 MP: 5/5
  2977 | D:3      | Reached skill level 1 in Armour
  3516 | D:4      | Noticed a phantom
  3574 | D:4      | Killed a phantom
  3575 | D:4      | Reached XP level 6. HP: 12/48 MP: 6/6
  4315 | D:4      | Noticed Dowan
  4315 | D:4      | Noticed Duvessa
  4340 | D:4      | Killed Dowan
  4344 | D:4      | Killed Duvessa
  5032 | D:5      | Entered Level 5 of the Dungeon
  5074 | D:5      | Gained mutation: You have a pair of antennae on your head.
                  | [demonic ancestry]
  5074 | D:5      | Reached XP level 7. HP: 45/54 MP: 7/7
  5226 | D:5      | Found Valuwk's Jewellery Emporium.
  5330 | D:5      | Reached skill level 5 in Throwing
  5347 | D:5      | Found a glowing drain.
  5353 | Sewer    | Entered a sewer
  5790 | Sewer    | Reached XP level 8. HP: 36/60 MP: 8/8
  5877 | Sewer    | Identified the +7 spear "Defugh" {freeze, Fragile rPois
                  | Dex+3}
  6025 | D:5      | Found a stormy altar of Qazlal.
  6026 | D:5      | Found a snail-covered altar of Cheibriados.
  6327 | D:5      | Became a worshipper of Qazlal Stormbringer
  7094 | D:6      | Identified a scroll of acquirement
  7095 | D:6      | Acquired 598 gold pieces
  7117 | D:6      | Found Xeuter's Antique Weapon Shoppe.
  7161 | D:5      | Bought an amulet of regeneration for 450 gold pieces
  7380 | D:6      | Found a radiant altar of Vehumet.
  7380 | D:6      | Found a broken altar of Ashenzari.
  7663 | D:7      | Reached skill level 5 in Polearms
  7948 | D:7      | Noticed a hornet
  7958 | D:7      | Killed a hornet
  7975 | D:7      | Gained mutation: You regenerate a little health from kills.
                  | [demonic ancestry]
  7975 | D:7      | Reached XP level 9. HP: 65/65 MP: 9/9
  8047 | D:7      | Found a staircase to the Ecumenical Temple.
  8283 | D:8      | Found a flagged portal.
  8289 | Bailey   | Entered a bailey
  8387 | Bailey   | Reached * piety under Qazlal
  8388 | Bailey   | Reached skill level 1 in Shields
  8802 | Bailey   | Reached XP level 10. HP: 67/71 MP: 10/10
  8856 | Bailey   | Noticed an orc warlord
  8955 | Bailey   | Reached skill level 5 in Shields
  8987 | Bailey   | Reached ** piety under Qazlal
  9060 | Bailey   | Killed an orc warlord
  9061 | Bailey   | Reached skill level 5 in Fighting
  9264 | D:8      | Found a sparkling altar of Nemelex Xobeh.
  9438 | D:8      | Reached skill level 1 in Evocations
 10201 | D:9      | Found a shimmering altar of Xom.
 10248 | D:9      | Reached skill level 5 in Evocations
 10248 | D:9      | Reached skill level 1 in Invocations
 10321 | D:9      | Reached skill level 5 in Invocations
 10345 | D:9      | Noticed a gargoyle
 10353 | D:9      | Killed a gargoyle
 10371 | D:9      | Gained mutation: You have a pair of large antennae on your
                  | head. (SInv) [demonic ancestry]
 10371 | D:9      | Reached XP level 11. HP: 81/81 MP: 14/14
 10382 | D:9      | Noticed Harold
 10395 | D:9      | Killed Harold
 10395 | D:9      | Reached *** piety under Qazlal
 10396 | D:9      | Reached skill level 5 in Armour
 10941 | D:10     | Entered Level 10 of the Dungeon
 10979 | D:10     | Noticed a two-headed ogre
 10988 | D:10     | Killed a two-headed ogre
 11763 | D:10     | Found a staircase to the Lair.
 12596 | D:10     | Found an iron altar of Okawaru.
 12686 | D:10     | Noticed an eight-headed hydra
 12688 | D:10     | Noticed a yaktaur captain
 12695 | D:10     | Noticed a glowing orange brain
 12698 | D:10     | Noticed a deep elf pyromancer
 12701 | D:10     | Killed an eight-headed hydra
 12702 | D:10     | Reached skill level 10 in Polearms
 12702 | D:10     | HP: 4/81 [yaktaur captain/bolt (9)]
 12916 | D:11     | Noticed a boulder beetle
 12937 | D:11     | Killed a boulder beetle
 12989 | D:11     | Noticed a purple ugly thing
 13016 | D:11     | Killed a purple ugly thing
 13495 | D:11     | Noticed a white ugly thing
 13511 | D:11     | Killed a white ugly thing
 13658 | D:11     | Noticed a centaur warrior
 13671 | D:11     | Noticed Psyche
 13677 | D:11     | Killed a centaur warrior
 13681 | D:11     | Killed Psyche
 13702 | D:11     | Noticed Gastronok
 13724 | D:11     | Killed Gastronok
 13725 | D:11     | Gained mutation: You regenerate health from kills. [demonic
                  | ancestry]
 13725 | D:11     | Reached XP level 12. HP: 62/97 MP: 15/15
 13789 | D:11     | Noticed Sonja
 13802 | Abyss:2  | Cast into level 2 of the Abyss (Sonja)
 13803 | Abyss:2  | Found a corrupted altar of Lugonu.
 13812 | Abyss:2  | Fell from the grace of Qazlal
 13812 | Abyss:2  | Became a worshipper of Lugonu the Unformed
 13812 | Abyss:2  | Reached * piety under Lugonu
 13812 | Abyss:2  | Reached ** piety under Lugonu
 13813 | D:11     | Escaped the Abyss
 13918 | D:11     | Reached skill level 10 in Fighting
 13928 | D:11     | Noticed a death knight
 14051 | D:10     | Gained mutation: You sometimes gain a little power by
                  | taking damage. [demonic ancestry]
 14051 | D:10     | Reached XP level 13. HP: 31/103 MP: 16/16
 14140 | Lair:1   | Entered Level 1 of the Lair of Beasts
 14580 | Lair:1   | Noticed Amaemon
 14603 | Lair:1   | Killed Amaemon
 14711 | Lair:1   | Banished a spark wasp
 14711 | Lair:1   | Banished a spark wasp
 14711 | Lair:1   | Banished a spark wasp
 14847 | Lair:1   | Banished a spark wasp
 14847 | Lair:1   | Banished a fire dragon
 15035 | D:10     | Banished a spark wasp
 15035 | D:10     | Banished a spark wasp
 15079 | D:5      | Bought the ring "Juetiz" {Fire Will+ Str+2} for 627 gold
                  | pieces
 15174 | Lair:2   | HP: 5/103 [eight-headed hydra (3)]
 15334 | Lair:2   | Shot themself with a bolt of dispelling energy

Illustrated notes

Levels and vault maps discovered:
D:1:      dpeg_arrival_long_road, layout_basic, minmay_stone_trees_medium
D:2:      layout_basic, basic_altar, solitary_fountain, minmay_pentomino_r4
D:3:      layout_basic, corexii_hall_statues_s
D:4:      layout_loops_ring, hangedman_decor_points,
          nicolae_elevator_lobby_plus, uniq_duvessa
D:5:      layout_basic, chequers_temple_overflow_statue_of_worship,
          portal_sewer_entry_e, serial_shops,
          nicolae_shop_temple_entry_statues_fountains
D:6:      layout_cave_pools, nicolae_overflow_squiral, elyvilon_altar_1,
          serial_shops, nicolae_shop_trees, minmay_misc_feat_room,
          hangedman_decor_growths
D:7:      layout_rooms, minmay_temple_entry_offerings
D:8:      layout_rooms, mainiacjoe_overflow_chevrons, enter_bailey_3
D:9:      layout_stronghold, mainiacjoe_overflow_alcove_2, uniq_harold
D:10:     layout_basic, okawaru_ov_weapons_minmay, erik_lair_island,
          minivault_25_ag, chequers_serial_rivers_room_b,
          kennysheep_generic_room_14
D:11:     layout_stronghold, erik_orc_3, hangedman_decor_push,
          minmay_pinched_square, uniq_psyche, uniq_gastronok, uniq_nergalle,
          uniq_sonja
Lair:1:   layout_gridlike, grunt_megastairs_3, serial_bayou_shore_b,
          uniq_amaemon
Lair:2:   layout_misc_corridors, minmay_snake_entry_six_corridors,
          gammafunk_ghost_cemetery, chequers_serial_rivers_large_a, uniq_maggie

Skill      XL: |  1  2  3  4  5  6  7  8  9 10 11 12 13 |
---------------+----------------------------------------+-----
Stealth        | 1 2 3 6 8 |  8.0
Fighting       | 4 6 9 10 | 10.0
Armour         | 3 4 6 |  6.0
Throwing       | 3 5 6 |  6.6
Short Blades   | 4 |  4.0
Dodging        | 3 4 |  4.0
Polearms       | 6 8 10 | 10.2
Shields        | 4 6 |  6.0
Evocations     | 5 6 |  6.9
Invocations    | 5 |  5.0

Action                   |  1- 3 |  4- 6 |  7- 9 | 10-12 | 13-15 || total
-------------------------+-------+-------+-------+-------+-------++-------
Melee: Rapier            |   146 |       |       |       |       ||   146
       Punch             |     2 |     2 |     4 |       |       ||     8
       Short sword       |       |   144 |       |       |       ||   144
       Dagger            |       |   127 |   195 |       |       ||   322
       Spear             |       |       |   284 |   572 |    93 ||   949
Throw: Throwing net      |     1 |     7 |     1 |     2 |     3 ||    14
       Javelin           |     1 |     1 |       |       |       ||     2
       Dart              |       |     3 |     3 |    37 |    10 ||    53
       Boomerang         |       |     5 |     6 |    35 |       ||    46
Invok: Upheaval          |       |       |       |     1 |       ||     1
       Depart the Abyss  |       |       |       |     1 |       ||     1
  Use: Scroll            |     4 |     5 |     9 |     7 |     4 ||    29
       Potion            |       |     1 |     2 |     5 |     2 ||    10
 Stab: Sleeping          |     1 |       |       |     1 |     4 ||     6
       Held in net/web   |       |     2 |       |     2 |     5 ||     9
       Petrifying        |       |       |       |     1 |       ||     1
Armor: Leather armour    |    50 |     8 |       |       |       ||    58
       Chain mail        |       |   126 |   230 |   124 |       ||   480
       Skin              |       |       |       |     7 |       ||     7
       Troll leather arm |       |       |       |     5 |    26 ||    31
Dodge: Dodged            |    97 |    84 |   203 |   126 |    47 ||   557
Block: Buckler           |       |       |    35 |   172 |    25 ||   232

Table legend: (Time is in decaauts)
 A = Elapsed time spent in this place.
 B = Non-inter-level travel time spent in this place.
 C = Inter-level travel time spent in this place.
 D = Time resting spent in this place.
 E = Time spent auto-exploring this place.
 F = Levels seen in this place.
 G = Mean time per level.
                   A        B        C        D        E       F      G
               +--------+--------+--------+--------+--------+-----+--------+
         Total |  15048 |  14449 |    599 |   5207 |   6141 |  16 |  940.5 |
       Dungeon |  12646 |  12090 |    556 |   4512 |   5260 |  11 | 1149.6 |
          Lair |    989 |    946 |     43 |    272 |    551 |   2 |  494.5 |
         Abyss |     10 |     10 |      0 |      0 |      0 |   1 |   10.0 |
         Sewer |    560 |    560 |      0 |    149 |    143 |   1 |  560.0 |
        Bailey |    841 |    841 |      0 |    274 |    186 |   1 |  841.0 |
               +--------+--------+--------+--------+--------+-----+--------+

Top non-repeatable levels by time:
    D:10: 2025 daAuts
     D:4: 1737 daAuts
     D:9: 1338 daAuts
     D:2: 1335 daAuts
     D:3: 1070 daAuts
     D:5: 1014 daAuts
    D:11: 979 daAuts
  Lair:1: 974 daAuts
     D:6: 950 daAuts
     D:1: 867 daAuts
  Bailey: 841 daAuts
     D:8: 694 daAuts
     D:7: 634 daAuts
   Sewer: 560 daAuts
  Lair:2: 14 daAuts
